 Dungeon Crawl Stone Soup version 0.27-b1-16-g6517624069 (webtiles) character file.

Game seed: 12192216817147662946

109 pikapanic the Chopper (level 4, -3/36 HPs)
             Began as a Ghoul Gladiator on July 26, 2021.
             Was an Initiate of Hepliaklqana.
             Slain by an orc (5 damage)
             ... on level 3 of the Dungeon.
             The game lasted 00:10:49 (3780 turns).

pikapanic the Chopper (Ghoul Gladiator)             Turns: 3780, Time: 00:10:50

Health: -3/36      AC:  4    Str: 18    XL:     4   Next: 90%
Magic:  0/3        EV:  7    Int:  3    God:    Hepliaklqana [......]
Gold:   177        SH:  0    Dex: 10    Spells: 3/3 levels left

rFire    . . .     SeeInvis .   a - +0 war axe
rCold    + . .     Faith    .   o - +1 tower shield
rNeg     + + +     Spirit   +   b - +0 leather armour
rPois    ∞         Reflect  .   c - +0 helmet
rElec    .         Harm     .   (no cloak)
rCorr    +         Rampage  .   (no gloves)
Will     .....                  (no boots)
Stlth    ..........             j - amulet of guardian spirit
HPRegen  0.00/turn              l - ring of resist corrosion
MPRegen  0.08/turn              (no ring)

@: confused, inhibited regen
A: claws 1, cold resistance 1, negative energy resistance 3, inhibited
regeneration, torment resistance 2
a: Renounce Religion


You were on level 3 of the Dungeon.
You worshipped Hepliaklqana.
Hepliaklqana was noncommittal.
You visited 1 branch of the dungeon, and saw 3 of its levels.

You collected 177 gold pieces.

Inventory:

Hand Weapons
 a - a +0 war axe (weapon)
Missiles
 d - 3 throwing nets (quivered)
Armour
 b - a +0 leather armour (worn)
 c - a +0 helmet (worn)
 o - a +1 tower shield (worn)
Magical Staves
 f - a staff of death
Jewellery
 j - an amulet of guardian spirit (around neck)
 l - a ring of resist corrosion (left claw)
Scrolls
 e - 3 scrolls of teleportation
 g - 3 scrolls of vulnerability
 k - a scroll of identify
 m - a scroll of noise {unknown}
 q - a scroll of enchant armour
 r - 3 scrolls of amnesia {unknown}
Potions
 h - 2 potions of cancellation {unknown}
 i - a potion of brilliance {unknown}
 n - a potion of degeneration {unknown}
 p - a potion of mutation {unknown}


   Skills:
 - Level 2.2 Fighting
 + Level 4.4 Axes
 - Level 1.8 Throwing
 - Level 2.8 Dodging
 + Level 1.5 Shields


You had 3 spell levels left.
You didn't know any spells.
Your spell library was empty.

Dungeon Overview and Level Annotations

Branches:
Dungeon (3/15)

Altars:
Hepliaklqana


Innate Abilities, Weirdness & Mutations

You thrive by killing the living.
You are immune to poison.
You have sharp fingernails.
Your flesh is cold resistant. (rC+)
You are immune to negative energy. (rN+++)
You do not regenerate when monsters are visible.
You are immune to unholy pain and torment.


Message History

You hear some strange, mumbled words.
You are confused.
You miss something.
The orc wizard gestures at you while chanting.
You resist with some effort. Something hits you but does no damage.
You miss something.
You hear some strange, mumbled words.
Something tries to affect you, but you resist.
The orc wizard hits you with a +0 dagger.
Something hits you.
You closely miss the orc wizard. You miss something.
You feel less confused. You block something's attack.
You hear some strange, mumbled words.
You are confused.
The orc wizard casts a spell at you.
You are more confused.
Something hits you.
You are too confused!
You closely miss something. You hit the orc wizard.
You hear some strange, mumbled words.
Something tries to affect you, but you resist.
The orc wizard casts a spell at you. You resist with some effort.
Something hits you but does no damage.
The orc wizard hits you but does no damage.
Something hits you.
You hear some strange, mumbled words.
You are more confused.
The orc wizard points at you and mumbles some strange words.
You resist with some effort.
There is a stone staircase leading down here.
A magic dart appears from out of thin air!
The magic dart hits you.
* * * LOW HITPOINT WARNING * * *
You are too confused!
The orc wizard casts a spell at you. The puff of flame hits you.
* * * LOW HITPOINT WARNING * * *
Something hits you but does no damage. The orc hits you with a +0 club.
You die...

#)#.#.## #.##.##
#.#### ##.#####
###......###
##.#........#
#####.#..>###.#.#
#......#o.###.#.#
#.###..o.@.......
#.# ##......#.#.#
#.# ###...##.#.#
####.######........#
#........##......###
...
#.##.###.###.#####
... #.##.# #.###'##
...
##.##.###.##...##
#.#
#.......#.#.....##
####.#


You could see an orc wizard and an orc.

Vanquished Creatures
  4 adders
  3 dart slugs (D:2)
  6 orcs (D:3)
  4 bats
  3 endoplasms (D:1)
  2 giant cockroaches
  4 goblins
  7 hobgoblins
  A jackal (D:2)
  6 quokkas
  4 ball pythons
  3 frilled lizards (D:1)
  5 kobolds
  6 rats
58 creatures vanquished.

Notes
Turn   | Place    | Note
-------+----------+-------------------------------------------
     0 | D:1      | pikapanic the Ghoul Gladiator began the quest for the Orb.
     0 | D:1      | Reached XP level 1. HP: 17/17 MP: 0/0
   223 | D:1      | Reached skill level 3 in Axes
   223 | D:1      | Reached XP level 2. HP: 24/24 MP: 1/1
   680 | D:1      | Reached XP level 3. HP: 29/29 MP: 2/2
   765 | D:1      | Found a faded altar of an unknown god.
  1308 | D:2      | Reached skill level 4 in Axes
  1625 | D:2      | Reached XP level 4. HP: 2/36 MP: 1/3
  2508 | D:3      | Reached skill level 1 in Shields
  3296 | D:3      | Found a hazy altar of Hepliaklqana.
  3301 | D:3      | Became a worshipper of Hepliaklqana the Forgotten
  3780 | D:3      | Slain by an orc

Illustrated notes

Levels and vault maps discovered:
D:1:      dpeg_arrival_refuge, layout_basic,
          dreamdust_ecumenical_altar_hidden_monk_grotto
D:2:      minmay_general_purpose_star, layout_basic, minmay_misc_feat_pillars
D:3:      layout_loops_corners, nzn_hepliaklqana_mist_gate, fedhas_altar_4,
          nrook_mini_vaults

Skill      XL: |  1  2  3  4 |
---------------+-------------+-----
Axes           | 3 4 |  4.4
Shields        | 1 |  1.5
Fighting       | |  2.2
Throwing       | |  1.8
Dodging        | |  2.8

Action                   |  1- 3 |  4- 6 || total
-------------------------+-------+-------++-------
Melee: War axe           |   105 |   106 ||   211
  Use: Scroll            |     4 |     2 ||     6
Armor: Leather armour    |    65 |    40 ||   105
Dodge: Dodged            |   124 |    33 ||   157
Block: Tower shield      |    45 |    85 ||   130
